 Dungeon Crawl Stone Soup version 0.28-a0-1518-gbe868bca14 (webtiles) character file.

Game seed: 7167314110512902920

4370 avis the Cleaver (level 10, -3/77 (80) HPs)
             Began as a Deep Dwarf Necromancer on Jan 16, 2022.
             Was a Follower of Makhleb.
             Slain by an orc warrior (7 damage)
             ... on level 8 of the Dungeon.
             The game lasted 01:04:13 (11317 turns).

avis the Cleaver (Deep Dwarf Necromancer)          Turns: 11317, Time: 01:04:14

HP:   -3/77 (80)    AC:  9    Str: 13    XL:     10   Next: 13%
MP:   12/12         EV: 12    Int: 19    God:    Makhleb [*.....]
Gold: 460           SH:  0    Dex: 13    Spells: 6/15 levels left

rFire   . . .      SeeInvis +   a - +2 hand axe (elec)
rCold   + . .      Faith    .   (no shield)
rNeg    . . .      Spirit   .   d - +0 steam dragon scales
rPois   .          Reflect  .   (no helmet)
rElec   .          Harm     .   M - +1 cloak {rCorr}
rCorr   +          Rampage  .   h - +0 pair of gloves
Will    +....                   k - +0 pair of boots
Stlth   ++........              (no amulet)
HPRegen 0.00/turn               I - ring of protection from cold
MPRegen 0.13/turn               f - ring of see invisible

@: lightly drained
A: damage resistance, heal wounds, sense surroundings 2, no regeneration
a: Heal Wounds, Renounce Religion


You were on level 8 of the Dungeon.
You worshipped Makhleb.
Makhleb was aware of your devotion.
You visited 2 branches of the dungeon, and saw 9 of its levels.
You also visited: Sewer.

You collected 460 gold pieces.

Inventory:

Hand Weapons
 a - a +2 hand axe of electrocution (weapon)
 b - a +2 hand axe of flaming
 c - the +6 shillelagh "Devastator" {shatter}
   (You found it on level 4 of the Dungeon)

   It releases a powerful concussive burst when it strikes, dealing extra damage
   to the target and all other foes adjacent to them.
 n - a +2 whip of pain
 w - a +1 broad axe
Missiles
 j - 69 stones
 l - 48 arrows
 u - 37 bolts
 D - 6 silver javelins
 G - 4 throwing nets
 O - 3 boomerangs
Armour
 d - +0 steam dragon scales (worn)
 h - a +0 pair of gloves (worn)
 k - a +0 pair of boots (worn)
 F - a +2 leather armour of fire resistance
 M - a +1 cloak of preservation (worn)
Jewellery
 f - a ring of see invisible (right hand)
 r - a ring of flight
 I - a ring of protection from cold (left hand)
Wands
 i - a wand of iceblast (9)
Scrolls
 m - a scroll of magic mapping
 p - 4 scrolls of fear
 C - a scroll of blinking
 E - 3 scrolls of teleportation
 L - a scroll of summoning {unknown}
Potions
 e - 4 potions of heal wounds
 g - a potion of flight {unknown}
 o - 2 potions of brilliance {unknown}
 q - a potion of berserk rage {unknown}
 s - 2 potions of magic {unknown}
 x - 2 potions of lignification {unknown}
 z - a potion of invisibility {unknown}
 A - 3 potions of curing
 B - a potion of haste {unknown}
 H - 2 potions of resistance {unknown}
 J - a potion of attraction {unknown}
 K - 2 potions of ambrosia {unknown}


   Skills:
 - Level 2.0 Fighting
 - Level 14.0 Axes
 - Level 2.0 Armour
 - Level 3.0 Dodging
 - Level 4.0 Stealth
 - Level 3.0 Spellcasting
 - Level 6.0 Necromancy
 * Level 2.9 Invocations


You had 6 spell levels left.
You knew the following spells:

 Your Spells              Type           Power      Damage    Failure   Level
a - Pain                  Necr           100%       1d9       1%          1
d - Vampiric Draining     Necr           25%        2d7       3%          3
E - Excruciating Wounds   Necr           12%        N/A       34%         5

Your spell library contained the following spells:

 Spells                   Type           Power      Damage    Failure   Level
 Animate Skeleton         Necr           50%        N/A       1%          1
 Animate Dead             Necr           12%        N/A       13%         4
 Magic Dart               Conj           8%         1d3       16%         1
 Searing Ray              Conj           4%         2d4       22%         2
 Agony                    Necr           25%        N/A       34%         5
 Call Canine Familiar     Summ           2%         N/A       41%         3
 Portal Projectile        Hex/Tloc       4%         N/A       41%         3
 Stone Arrow              Conj/Erth      4%         3d7       41%         3
 Animate Armour           Summ/Erth      4%         N/A       83%         4
 Fulminant Prism          Conj/Hex       1%         3d6       83%         4
 Leda's Liquefaction      Hex/Erth       1%         N/A       83%         4
 Yara's Violent Unravell  Hex/Tmut       1%         3d3       99%         5
 Dragon Form              Tmut           1%         N/A       100%        7
 Borgnjor's Revivificati  Necr           12%        N/A       100%        8
 Lehudib's Crystal Spear  Conj/Erth      1%         10d2      100%        8
 Necromutation            Tmut/Necr      7%         N/A       100%        8
 Death's Door             Necr           12%        N/A       100%        9


Dungeon Overview and Level Annotations

Branches:
Dungeon (8/15)             Temple (1/1) D:4           Sewer (visited)
   Lair: D:8-11

Altars:
Cheibriados
Dithmenos
Elyvilon
Fedhas
Gozag
Hepliaklqana
Kikubaaqudgha
Makhleb
Nemelex Xobeh
Okawaru
Qazlal
Ru
Sif Muna
Trog
Uskayaw
Vehumet
Wu Jian
Xom
Yredelemnul
Zin
The Shining One

Shops:
D:8 ***


Innate Abilities, Weirdness & Mutations

You are resistant to damage.
You can heal yourself by infusing magical energy.
You passively map the area around you.
You do not regenerate.


Message History

Aiming: Vampiric Draining (mildly dangerous; 3% risk of failure)
Press: ? - help, Shift-Dir - straight line, f/p - orc warrior
Aim: an orc warrior, wielding a +0 battleaxe and wearing a +0 chain mail (severely wounded)
You draw life force from the orc warrior!
You kill the orc warrior!
Makhleb accepts your kill.
You feel life coursing into your body.
You are no longer poisoned.
x - 2 viscous cyan potions (gained 1)
Things that are here:
a +0 battleaxe; a +0 chain mail
There is a stone staircase leading down, spattered with blood here.
You start resting.
You feel yourself speed up.
You start resting.
Magic restored.
You climb downwards.
The wight hits you with a +5 morningstar of freezing!
The orc warrior barely misses you. The troll bites you! The troll claws you. x2
The jelly barely misses you. The orc warrior barely misses you.
The wight hits you with a +5 morningstar of freezing.
You feel drained. The wight freezes you. The troll barely misses you.
The troll claws you! The troll claws you but does no damage.
The jelly barely misses you.
There is a stone staircase leading up, spattered with blood here.
The orc warrior hits you from afar with a +0 trident.
The orc warrior barely misses you. The troll barely misses you.
The troll claws you. The troll claws you!
* * * LOW HITPOINT WARNING * * *
The jelly hits you but does no damage. The wight hits you but does no damage.
The jelly hits you but does no damage. The wight barely misses you.
The orc warrior hits you from afar with a +0 trident!
* * * LOW HITPOINT WARNING * * *
The orc warrior barely misses you. The wight hits you with a +3 mace!
* * * LOW HITPOINT WARNING * * *
You feel drained.
There is an escape hatch in the ceiling here.
The orc warrior hits you with a +0 war axe!
You die...

, , , *
#>.....<...###.### * ,*,
#..............# **
#..........#####
#........### , ,
..###........##########
, ,*
*#......................
* *
##...8.....########## *
#.##.##.### ###
#.8@∩.8.# ########..
###.o######......... , ,
##...8zz.T...##.##### *
,* #.....5J.Z.Z<.....##
*,
##.#...)oK......##..##
..............#####..# *
##.............# #.z#
#..#....####### #..##)
...###... #..* .


You could see 2 orc warriors, a kobold brigand, a jelly, 2 wights, a white imp
and a howler monkey zombie.

Vanquished Creatures
  Harold (D:7)
  Prince Ribbit (D:5)
  A wyvern (D:7)
  A yak (D:8)
  A human (D:7)
  A steam dragon (D:8)
  3 water moccasins
  A sky beast (D:6)
  2 ice beasts
  2 orc warriors
  2 ogres
  A necrophage (D:7)
  A centaur (D:8)
  A phantom (D:6)
  4 bullfrogs
  Blork the orc (D:5)
  A wyvern zombie (D:8)
  3 scorpions (D:5)
  7 wights
  A howler monkey (D:7)
  2 centaur zombies
  A bullfrog zombie (D:3)
  2 bullfrog skeletons (D:6)
  A gnoll shaman (D:4)
  3 hounds
  Crazy Yiuf (D:5)
  3 orc priests
  3 jellies
  2 centaur skeletons (D:5)
  4 iguanas
  A human skeleton (D:7)
  A scorpion zombie (D:5)
  3 orc wizards
  A hound zombie (D:5)
  A hound skeleton (D:4)
  A howler monkey zombie (D:8)
  3 gnolls (D:4)
  A howler monkey skeleton (D:5)
  5 adders
  2 white imps
  2 adder skeletons (D:5)
  3 worms (D:6)
  2 dart slugs
  16 orcs
  10 endoplasms
  9 giant cockroaches
  A goblin (D:1)
  11 hobgoblins
  7 jackals
  10 kobolds
  5 quokkas
  4 ball pythons
  7 bats
  4 frilled lizards
  A jackal skeleton (D:7)
  3 rats
172 creatures vanquished.

Notes
Turn   | Place    | Note
-------+----------+-------------------------------------------
     0 | D:1      | avis the Deep Dwarf Necromancer began the quest for the
                  | Orb.
     0 | D:1      | Reached XP level 1. HP: 15/15 MP: 3/3
    38 | D:1      | Found a faded altar of an unknown god.
   113 | D:1      | Reached skill level 1 in Fighting
   184 | D:1      | Reached XP level 2. HP: 25/25 MP: 1/3
   745 | D:1      | Reached XP level 3. HP: 32/32 MP: 2/4
   871 | D:1      | Learned a level 3 spell: Vampiric Draining
  1901 | D:2      | Found a glowing golden altar of the Shining One.
  2638 | D:2      | Reached XP level 4. HP: 38/39 MP: 0/5
  2877 | D:3      | Reached skill level 5 in Necromancy
  3135 | D:3      | Reached XP level 5. HP: 43/45 MP: 0/7
  3771 | D:3      | Reached skill level 1 in Armour
  4334 | D:4      | Found a staircase to the Ecumenical Temple.
  4437 | D:4      | Reached skill level 1 in Axes
  4437 | D:4      | Reached XP level 6. HP: 50/52 MP: 6/8
  4447 | D:4      | Reached skill level 2 in Axes
  4679 | D:4      | Found the +6 shillelagh "Devastator" {shatter}
  5044 | D:5      | Entered Level 5 of the Dungeon
  5044 | D:5      | Noticed Blork the orc
  5056 | D:5      | Killed Blork the orc
  5057 | D:5      | Reached skill level 3 in Axes
  5133 | D:5      | Reached skill level 4 in Axes
  5136 | D:5      | Noticed Prince Ribbit
  5162 | Temple   | Entered the Ecumenical Temple
  5503 | D:5      | HP: 1/52 [Prince Ribbit (9)]
  5505 | D:5      | Killed Prince Ribbit
  5506 | D:5      | Reached skill level 5 in Axes
  5506 | D:5      | Reached XP level 7. HP: 39/60 MP: 2/8
  5732 | D:5      | Reached skill level 6 in Axes
  6043 | D:5      | Found a white marble altar of Elyvilon.
  6077 | D:5      | Found a runed translucent door.
  6078 | D:5      | Noticed Crazy Yiuf
  6085 | D:5      | Killed Crazy Yiuf
  6270 | D:5      | Reached skill level 7 in Axes
  6527 | D:5      | Reached XP level 8. HP: 36/67 MP: 3/10
  6724 | D:5      | Reached skill level 8 in Axes
  6915 | D:5      | Got the Incunabulum of Shifting Darkness
  7046 | D:5      | Found a burning altar of Makhleb.
  7048 | D:5      | Found a hazy altar of Hepliaklqana.
  7052 | D:5      | Became a worshipper of Makhleb the Destroyer
  7351 | D:6      | Found a glowing drain.
  7374 | Sewer    | Entered a sewer
  7494 | Sewer    | Reached skill level 9 in Axes
  7568 | D:6      | Found a shimmering altar of Xom.
  8074 | D:6      | Reached skill level 10 in Axes
  8749 | D:7      | Gained mutation: You passively map the area around you.
                  | [Deep Dwarf growth]
  8749 | D:7      | Reached XP level 9. HP: 67/73 MP: 1/11
  9000 | D:7      | Reached skill level 11 in Axes
  9588 | D:7      | Reached skill level 12 in Axes
  9908 | D:7      | Found a radiant altar of Vehumet.
  9908 | D:7      | Found an opulent altar of Gozag.
 10040 | D:7      | Noticed Harold
 10068 | D:7      | Killed Harold
 10069 | D:7      | Reached skill level 13 in Axes
 10165 | D:7      | Found a runed translucent door.
 10168 | D:7      | Found a basalt altar of Yredelemnul.
 10374 | D:7      | Upgraded the game from 0.28-a0-1510-gd0f6b136d3 to
                  | 0.28-a0-1518-gbe868bca14
 10506 | Temple   | Learned a level 5 spell: Excruciating Wounds
 10649 | D:8      | Found Gasoan's General Store.
 10848 | D:8      | Found Peupi's Specific Store.
 10849 | D:8      | Found Wicairid's General Store.
 10885 | D:8      | Reached XP level 10. HP: 32/80 MP: 9/12
 11014 | D:8      | Reached * piety under Makhleb
 11015 | D:8      | Reached skill level 14 in Axes
 11015 | D:8      | Reached skill level 1 in Invocations
 11317 | D:8      | Slain by an orc warrior

Illustrated notes

Levels and vault maps discovered:
D:1:      nagdon_arrival_zigzag_paths, layout_basic,
          shapermc_ecumenical_altar_venn, minmay_pentomino_w4
D:2:      layout_loops_corners, basic_altar, nicolae_elevator_lobby_asterisk
D:3:      layout_basic
D:4:      layout_rooms, minmay_temple_entry_from_below_b, minmay_pentomino_pile
D:5:      minmay_octagon_keep, layout_rooms, gammafunk_temple_overflow_statue,
          general_overflow_altar, hangedman_abyss_or_decor_lesser_grid,
          uniq_blork_the_orc, uniq_crazy_yiuf_cottage, uniq_prince_ribbit1
D:6:      layout_loops_ring, mainiacjoe_overflow_24_doors,
          cheibrodos_sewer_entry_sluice
D:7:      layout_gridville, dk_yredelemnul_ordeal, minitemple,
          kennysheep_generic_room_6, uniq_harold
D:8:      minmay_bloctagon, layout_rooms, serial_shops,
          nicolae_shop_statue_plus, nicolae_specific_store, minivault_27,
          minmay_misc_feat_cross, small_statue_intersection
Temple:   eino_temple_water

Skill      XL: |  1  2  3  4  5  6  7  8  9 10 |
---------------+-------------------------------+-----
Fighting       | 1 2 |  2.0
Stealth        | 3 4 |  4.0
Necromancy     | 5 6 |  6.0
Spellcasting   | 2 3 |  3.0
Dodging        | 3 |  3.0
Armour         | 2 |  2.0
Axes           | 1 5 7 10 13 14 | 14.0
Invocations    | 2 |  2.9

Action                   |  1- 3 |  4- 6 |  7- 9 | 10-12 || total
-------------------------+-------+-------+-------+-------++-------
Melee: Unarmed           |    31 |       |       |       ||    31
       Punch             |     1 |     1 |     4 |       ||     6
       War axe           |     7 |       |       |       ||     7
       Short sword       |    12 |    21 |       |       ||    33
       Hand axe          |       |    40 |   247 |    18 ||   305
 Cast: Pain              |    78 |    47 |       |       ||   125
       Vampiric Draining |     2 |    20 |    71 |    13 ||   106
 Abil: Heal Wounds       |     2 |     1 |     3 |       ||     6
  Use: Scroll            |       |       |    15 |       ||    15
 Stab: Sleeping          |     5 |       |     3 |       ||     8
Armor: Robe              |    23 |       |       |       ||    23
       Leather armour    |     6 |    16 |    78 |       ||   100
       Steam dragon scal |       |       |     5 |    15 ||    20
Dodge: Dodged            |   112 |    50 |   133 |    32 ||   327

Table legend: (Time is in decaauts)
 A = Elapsed time spent in this place.
 B = Non-inter-level travel time spent in this place.
 C = Inter-level travel time spent in this place.
 D = Time resting spent in this place.
 E = Time spent auto-exploring this place.
 F = Levels seen in this place.
 G = Mean time per level.
                   A        B        C        D        E       F      G
               +--------+--------+--------+--------+--------+-----+--------+
         Total |  11314 |  10287 |   1027 |   3815 |   4220 |  10 | 1131.4 |
       Dungeon |  10788 |   9779 |   1009 |   3737 |   3930 |   8 | 1348.5 |
        Temple |    348 |    330 |     18 |     22 |    242 |   1 |  348.0 |
         Sewer |    178 |    178 |      0 |     56 |     48 |   1 |  178.0 |
               +--------+--------+--------+--------+--------+-----+--------+

Top non-repeatable levels by time:
     D:1: 1824 daAuts
     D:5: 1813 daAuts
     D:7: 1773 daAuts
     D:6: 1521 daAuts
     D:4: 1372 daAuts
     D:3: 1107 daAuts
     D:2: 1049 daAuts
  Temple: 348 daAuts
     D:8: 326 daAuts
   Sewer: 178 daAuts
